 Dungeon Crawl Stone Soup version 0.28-a0-461-g2dc4ca5097 (webtiles) character file.

Game seed: 15264315002437362498

1997 lunkers the Magician (level 9, -7/67 HPs)
             Began as a Djinni Air Elementalist on Sept 13, 2021.
             Mangled by Joseph (15 damage)
             ... on level 7 of the Dungeon.
             The game lasted 00:13:52 (10736 turns).

lunkers the Magician (Djinni Air Elementalist)     Turns: 10736, Time: 00:13:53

Health: -7/67      AC:  6    Str:  7    XL:     9   Next: 45%
Gold:   240        EV: 11    Int: 24    God:
                   SH:  0    Dex: 15

rFire   + + .      SeeInvis .   o - +2 short sword (flame)
rCold   x . .      Faith    .   (no shield)
rNeg    . . .      Spirit   .   w - +2 leather armour of the Archfiend {Int+5}
rPois   ∞          Reflect  .   (no helmet)
rElec   .          Harm     .   (no cloak)
rCorr   .          Rampage  .   t - +0 pair of gloves
Will    .....                   (boots unavailable)
Stlth   ++........              b - amulet of the acrobat
HPRegen 0.21/turn               (no ring)
MPRegen 0.00/turn               (no ring)

@: about to teleport, marked, flying
A: sickness immunity, fire resistance 2, cold vulnerability 1, float, innate
caster, hp casting, extra vitality 1
a: no special abilities


You were on level 7 of the Dungeon.
You visited 2 branches of the dungeon, and saw 8 of its levels.

You collected 240 gold pieces.

Inventory:

Hand Weapons
 j - a +2 vorpal flail
 o - a +2 short sword of flaming (weapon)
Armour
 a - a +0 robe
 t - a +0 pair of gloves (worn)
 u - +0 swamp dragon scales
 w - the +2 leather armour of the Archfiend (worn) {Int+5}
   (You found it on level 6 of the Dungeon)

   Int:       It affects your intelligence (+5).
Jewellery
 b - an amulet of the acrobat (around neck)
Scrolls
 c - a scroll of noise {unknown}
 d - 2 scrolls of identify {unknown}
 h - 4 scrolls of teleportation
 k - 3 scrolls of fear {unknown}
 m - a scroll of immolation {unknown}
 n - a scroll of torment {unknown}
 q - 3 scrolls of vulnerability {unknown}
 r - a scroll of amnesia {unknown}
 s - a scroll of silence {unknown}
Potions
 e - 3 potions of curing {unknown}
 f - 2 potions of mutation {unknown}
 g - 2 potions of heal wounds {unknown}
 i - a potion of haste {unknown}
 l - 4 potions of degeneration {unknown}
 p - a potion of flight {unknown}
 v - 2 potions of might {unknown}


   Skills:
 + Level 6.6 Fighting
 - Level 2.1 Dodging
 - Level 1.5 Stealth
 * Level 7.8 Spellcasting


You had 3 spell levels left.
You knew the following spells:

 Your Spells              Type           Power      Damage    Failure   Level
a - Airstrike             Air            23%        N/A       3%          4
b - Static Discharge      Conj/Air       47%        N/A       1%          2
c - Swiftness             Air            47%        N/A       1%          3
d - Shock                 Conj/Air       100%       1d9       1%          1
e - Animate Skeleton      Necr           94%        N/A       1%          1
f - Slow                  Hex            47%        N/A       1%          2
g - Summon Guardian Gole  Hex/Summ       47%        N/A       1%          3
h - Cause Fear            Hex            23%        N/A       3%          4
Your spell library was empty.

Dungeon Overview and Level Annotations

Branches:
Dungeon (7/15)             Temple (1/1) D:6

Altars:
Cheibriados
Dithmenos
Elyvilon
Fedhas
Gozag
Hepliaklqana
Kikubaaqudgha
Nemelex Xobeh
Okawaru
Qazlal
Ru
Sif Muna
Trog
Uskayaw
Vehumet
Wu Jian
Yredelemnul
Zin
The Shining One

Shops:
D:1 [

Annotations:
D:7 Harold, Joseph


Innate Abilities, Weirdness & Mutations

You are immune to sickness and miasma.
You are immune to poison.
Your flesh is very heat resistant. (rF++)
You are vulnerable to cold. (rC-)
You float through the air rather than walking.
You learn spells naturally, not from books.
Your magical power is your life essence.
You have superior vitality. (+4 HP)


Message History

Unknown command.
Unknown command.
Casting: Airstrike (dangerous; 3% risk of failure)
Confirm with . or Enter, or press ? or * to list all spells.
Aiming: Airstrike (dangerous; 3% risk of failure)
Press: ? - help, Dir - move target, f/p - Harold
Aim: Harold, wielding a +0 scimitar, wearing a +0 scale mail and quivering 2 throwing nets (moderately wounded, empty space bonus: 6/8)
The air twists around and strikes Harold!
Harold is moderately wounded.
* * * LOW HITPOINT WARNING * * *
A jelly comes into view.
Harold throws a throwing net.
The throwing net hits you.
You become entangled in the net!
Joseph shoots a sling bullet.
The sling bullet hits you!
* * * LOW HITPOINT WARNING * * *
Unknown command.
Casting: Airstrike (dangerous; 3% risk of failure)
Confirm with . or Enter, or press ? or * to list all spells.
Aiming: Airstrike (dangerous; 3% risk of failure)
Press: ? - help, Dir - move target, f/p - Harold
Aim: Harold, wielding a +0 scimitar, wearing a +0 scale mail and quivering a throwing net (moderately wounded, empty space bonus: 6/8)
Okay, then.
You struggle against the net.
You tear a large gash into the net.
A kobold brigand comes into view.
It is wielding a +0 dagger and quivering poisoned darts.
You rip the net and break free!
A water moccasin comes into view.
Harold fires a harpoon shot at you. The harpoon shot hits you!
* * * LOW HITPOINT WARNING * * *
You are yanked forward by the harpoon shot.
The water moccasin moves out of view.
Unknown command.
Unknown command.
As you read the scroll labelled NANOSTR RULATUM, it crumbles to dust.
You feel strangely unstable.
It was a scroll of teleportation.
Joseph says, "I've waited for this moment for such a long time."
Joseph unwields a +0 hunting sling.
Joseph wields a +0 quarterstaff.
Joseph hits you with a +0 quarterstaff!
You die...

#....##.@##.#
#....##.....###
#.............#
#...........###
#....)†.....###
#.(............
#..........S...
#..@@....J..###
##..@o....K.#.
#....(...)...
#)..>.g......#
#...........###
#......?....#
#.............
#.........####
#.........#
#.........#


You could see Harold, Joseph, a water moccasin, a kobold brigand, a jelly, a
gnoll and an orc.

Vanquished Creatures
  Maggie (D:6)
  Prince Ribbit (D:7)
  A wyvern (D:5)
  A black bear (D:5)
  3 ice beasts
  An ogre (D:5)
  2 centaurs (D:6)
  A bullfrog (D:6)
  A wight (D:7)
  A howler monkey (D:5)
  2 centaur skeletons
  2 hounds
  A jelly (D:5)
  An orc priest (D:6)
  A gnoll shaman (D:5)
  3 iguanas
  An orc wizard (D:6)
  A killer bee zombie (D:5)
  A howler monkey zombie (D:6)
  11 gnolls
  7 adders
  2 shadow imps
  A white imp (D:5)
  An adder skeleton (D:4)
  3 worms
  A dart slug (D:2)
  13 orcs
  5 ball pythons
  A bat (D:1)
  5 endoplasms
  4 goblins
  9 hobgoblins
  8 jackals
  5 quokkas
  4 frilled lizards
  8 kobolds
  5 rats
119 creatures vanquished.

Notes
Turn   | Place    | Note
-------+----------+-------------------------------------------
     0 | D:1      | lunkers the Djinni Air Elementalist began the quest for the
                  | Orb.
     0 | D:1      | Reached XP level 1. HP: 15/15 MP: 0/0
   242 | D:1      | Found Arghason's Antique Armour Emporium.
   315 | D:1      | Reached XP level 2. HP: 21/22 MP: 0/0
   606 | D:1      | Found a faded altar of an unknown god.
   637 | D:1      | Reached skill level 1 in Fighting
   916 | D:1      | Reached XP level 3. HP: 21/27 MP: 0/0
   916 | D:1      | Learned a level 1 spell: Animate Skeleton
  1223 | D:1      | Reached skill level 3 in Spellcasting
  2581 | D:2      | Reached XP level 4. HP: 15/33 MP: 0/0
  3749 | D:3      | Reached XP level 5. HP: 25/38 MP: 0/0
  3749 | D:3      | Learned a level 2 spell: Slow
  5380 | D:4      | Reached skill level 4 in Spellcasting
  5558 | D:4      | Reached XP level 6. HP: 12/45 MP: 0/0
  6149 | D:4      | Found a sacrificial altar of Ru.
  6481 | D:5      | Entered Level 5 of the Dungeon
  7342 | D:5      | Noticed an ice beast
  7537 | D:5      | Noticed a wyvern
  7542 | D:5      | Killed a wyvern
  7543 | D:5      | Reached skill level 5 in Spellcasting
  7543 | D:5      | Reached XP level 7. HP: 38/51 MP: 0/0
  7543 | D:5      | Learned a level 3 spell: Summon Guardian Golem
  8255 | D:5      | Reached XP level 8. HP: 45/58 MP: 0/0
  8435 | D:5      | Reached skill level 6 in Spellcasting
  8616 | D:6      | Reached skill level 5 in Fighting
  8699 | D:6      | Noticed Maggie
  8706 | D:6      | Killed Maggie
  9349 | D:6      | Found a staircase to the Ecumenical Temple.
  9372 | D:6      | Reached skill level 7 in Spellcasting
  9422 | D:6      | Reached XP level 9. HP: 62/66 MP: 0/0
  9422 | D:6      | Learned a level 4 spell: Cause Fear
  9942 | D:6      | Found an iron altar of Okawaru.
  9947 | D:6      | Found an opulent altar of Gozag.
 10227 | D:6      | Identified the +2 leather armour of the Archfiend {Int+5}
 10343 | Temple   | Entered the Ecumenical Temple
 10655 | D:7      | Noticed Prince Ribbit
 10660 | D:7      | Killed Prince Ribbit
 10718 | D:7      | Noticed Harold
 10720 | D:7      | Noticed Joseph
 10736 | D:7      | Mangled by Joseph

Illustrated notes

Levels and vault maps discovered:
D:1:      amcnicky_arrival_flooded_fountain, layout_loops_ring,
          basic_ecumenical_altar, serial_shops, nicolae_shop_trees,
          wad_floor_pattern_untrapped, chequers_serial_rivers_large_b
D:2:      layout_loops_corners
D:3:      layout_basic, serial_bayou_pond_e
D:4:      layout_basic, nicolae_ru_sacrificial_ziggurat
D:5:      layout_basic
D:6:      layout_gridville, amethyst_overflow_temple_binary, temple_statues,
          minivault_1, uniq_maggie
D:7:      minmay_angry_zag, layout_rooms, nicolae_ashenzari_panopticon,
          corexii_corridor_pit, nicolae_elemental_shop, uniq_joseph,
          uniq_harold, uniq_prince_ribbit1
Temple:   regret_index_temple_sphere_string

Skill      XL: |  1  2  3  4  5  6  7  8  9 |
---------------+----------------------------+-----
Fighting       | 1 2 3 4 5 6 |  6.6
Spellcasting   | 3 4 5 7 |  7.8
Dodging        | |  2.1
Stealth        | |  1.5

Action                   |  1- 3 |  4- 6 |  7- 9 || total
-------------------------+-------+-------+-------++-------
Melee: Flail             |       |    17 |       ||    17
       Short sword       |       |    10 |       ||    10
 Cast: Shock             |    65 |       |     1 ||    66
       Static Discharge  |     9 |    76 |       ||    85
       Airstrike         |       |     3 |    74 ||    77
  Use: Scroll            |       |       |     1 ||     1
Armor: Robe              |       |    15 |       ||    15
       Leather armour    |       |       |     1 ||     1
Dodge: Dodged            |    13 |    71 |     4 ||    88

Table legend: (Time is in decaauts)
 A = Elapsed time spent in this place.
 B = Non-inter-level travel time spent in this place.
 C = Inter-level travel time spent in this place.
 D = Time resting spent in this place.
 E = Time spent auto-exploring this place.
 F = Levels seen in this place.
 G = Mean time per level.
                   A        B        C        D        E       F      G
               +--------+--------+--------+--------+--------+-----+--------+
         Total |  10750 |  10378 |    372 |   1568 |   7743 |   8 | 1343.8 |
       Dungeon |  10602 |  10239 |    363 |   1568 |   7616 |   7 | 1514.6 |
        Temple |    147 |    139 |      8 |      0 |    127 |   1 |  147.0 |
               +--------+--------+--------+--------+--------+-----+--------+

Top non-repeatable levels by time:
     D:3: 1998 daAuts
     D:4: 1890 daAuts
     D:6: 1786 daAuts
     D:2: 1741 daAuts
     D:1: 1531 daAuts
     D:5: 1465 daAuts
     D:7: 188 daAuts
  Temple: 147 daAuts
